 Dungeon Sprint DCSS version 0.28-a0-224-g76b539d98b (webtiles) character file.

Game seed: 13136254269910729256

1970 MikeHunt the Basher (level 9, -5/85 HPs)
             Began as an Ogre Arcane Marksman on Aug 21, 2021.
             Was a Priest of Cheibriados.
             Slain by a troll (8 damage)
             ... in the Dungeon (Sprint IX: "|||||||||||||||||||||||||||||").
             The game lasted 00:03:44 (490 turns).

MikeHunt the Basher (Ogre Arcane Marksman)           Turns: 490, Time: 00:03:45

Health: -5/85      AC:  6    Str: 22    XL:     9   Next: 20%
Magic:  9/11       EV: 11    Int: 23    God:    Cheibriados [***...]
Gold:   0          SH:  0    Dex: 18    Spells: 7/10 levels left

rFire   . . .      SeeInvis .   b - +0 giant club
rCold   . . .      Faith    .   (shield currently unavailable)
rNeg    . . .      Spirit   .   a - +0 robe
rPois   .          Reflect  .   (helmet restricted)
rElec   .          Harm     .   k - +0 cloak
rCorr   .          Rampage  .   (gloves unavailable)
Will    .....      NoTele   +   (boots unavailable)
Stlth   ++........              (no amulet)
HPRegen 0.24/turn               l - +3 ring of intelligence
MPRegen 0.12/turn               m - +2 ring of protection

@: very slow
A: large, unfitting armour, tough skin 1
a: Renounce Religion, Bend Time, Temporal Distortion


You were in the Dungeon.
You worshipped Cheibriados.
Cheibriados was most pleased with you.
You visited 1 branch

Inventory:

Hand Weapons
 b - a +0 giant club (weapon)
 h - a +0 giant spiked club
Missiles
 c - 2 throwing nets
 f - 3 large rocks (quivered)
Armour
 a - a +0 robe (worn)
 k - a +0 cloak (worn)
Jewellery
 l - a +3 ring of intelligence (left hand)
 m - a +2 ring of protection (right hand)
Wands
 j - a wand of acid (6)
Scrolls
 i - a scroll of blinking
Potions
 d - 5 potions of curing
 g - 4 potions of magic


   Skills:
 + Level 4.5 Fighting
 + Level 13.5 Maces & Flails
 - Level 11.0 Throwing
 + Level 3.5 Dodging
 - Level 1.2 Spellcasting
 + Level 4.2 Hexes
 + Level 3.4 Invocations
 + Level 2.7 Evocations


You had 7 spell levels left.
You knew the following spells:

 Your Spells              Type           Power      Damage    Failure   Level
a - Corona                Hex            22%        N/A       2%          1
b - Slow                  Hex            20%        N/A       3%          2

Your spell library contained the following spells:

 Spells                   Type           Power      Damage    Failure   Level
 Inner Flame              Hex/Fire       11%        N/A       17%         3
 Portal Projectile        Hex/Tloc       22%        N/A       17%         3
 Cause Fear               Hex            10%        N/A       24%         4


Dungeon Overview and Level Annotations

Branches:
Dungeon (1/1)

Altars:
Cheibriados
Dithmenos
Elyvilon
Fedhas
Gozag
Hepliaklqana
Kikubaaqudgha
Makhleb
Nemelex Xobeh
Okawaru
Qazlal
Ru
Sif Muna
Trog
Uskayaw
Vehumet
Wu Jian
Xom
Yredelemnul
Zin
The Shining One
Beogh
Jiyva
Lugonu


Innate Abilities, Weirdness & Mutations

You are too large for most types of armour.
You have tough skin. (AC +1)


Message History

Your Invocations skill gained 3 levels and is now at level 3!
Your Evocations skill gained 2 levels and is now at level 2!
You have reached level 9!
Your experience leads to an increase in your attributes!
Your base attributes are Str 15, Int 14, Dex 11.
Increase (S)trength, (I)ntelligence, or (D)exterity?
You feel agile.
You feel stronger.
Aiming: Corrosive Bolt
Press: ? - help, Shift-Dir - straight line, f - troll
Aim: a troll (71% to hit)
The bolt of acid hits the troll!
The troll is splashed with acid.
The troll is moderately wounded.
The bolt of acid misses the troll.
The bolt of acid hits the manticore.
The manticore is splashed with acid!
The manticore is moderately wounded.
The bolt of acid hits the centaur warrior!
The centaur warrior is splashed with acid.
The acid corrodes the centaur warrior!
The centaur warrior is moderately wounded.
The troll bites you!
* * * LOW HITPOINT WARNING * * *
The troll claws you.
* * * LOW HITPOINT WARNING * * *
The troll claws you!
* * * LOW HITPOINT WARNING * * *
Aiming: Corrosive Bolt
Press: ? - help, Shift-Dir - straight line, f/p - troll
Aim: a troll (moderately wounded, 71% to hit)
The bolt of acid misses the troll.
The bolt of acid hits the troll!!
The troll is splashed with acid.
The troll is heavily wounded.
The bolt of acid hits the manticore!
The manticore is splashed with acid.
The manticore is severely wounded.
The bolt of acid hits the centaur warrior!
The centaur warrior is splashed with acid.
The centaur warrior is heavily wounded.
The troll bites you.
* * * LOW HITPOINT WARNING * * *
The troll claws you!
You die... ▓▓▓▓▓▓▓▓▓▓▓▓▓▓▓▓▓▓▓▓▓▓▓▓ +u.cHTT@....))'..[[..)?. ▓▓▓▓▓▓▓▓▓▓▓▓▓▓▓▓▓▓▓▓▓▓▓▓

You could see a cyan ugly thing, a centaur warrior (corroded), a manticore and 2 trolls.

Vanquished Creatures
  A centaur warrior (D)
  A two-headed ogre (D)
  A wraith (D)
  An acid dragon (D)
  An orc warrior (D)
  A necrophage (D)
  An ogre (D)
  A centaur (D)
  A scorpion (D)
  A hound (D)
  2 ball pythons (D)
  A bat skeleton (D)
  A bat zombie (D)
  An endoplasm (D)
  A giant cockroach (D)
  A quokka (D)
17 creatures vanquished.

Notes
Turn   | Place    | Note
-------+----------+-------------------------------------------
     0 | D        | MikeHunt the Ogre Arcane Marksman began the quest for the
                  | Orb.
     0 | D        | Reached XP level 1. HP: 19/19 MP: 2/2
   201 | D        | Noticed a necrophage
   201 | D        | Noticed an ogre
   201 | D        | Noticed a scorpion
   201 | D        | Noticed a hound
   202 | D        | Killed a hound
   203 | D        | Reached XP level 2. HP: 27/27 MP: 3/3
   203 | D        | Reached XP level 3. HP: 33/33 MP: 4/4
   204 | D        | Killed a scorpion
   205 | D        | Reached XP level 4. HP: 41/41 MP: 5/5
   207 | D        | Killed an ogre
   208 | D        | Reached XP level 5. HP: 48/48 MP: 6/6
   219 | D        | Killed a necrophage
   220 | D        | Reached skill level 5 in Maces & Flails
   220 | D        | Reached XP level 6. HP: 54/55 MP: 7/7
   229 | D        | Found a snail-covered altar of Cheibriados.
   229 | D        | Found a shadowy altar of Dithmenos.
   229 | D        | Found a white marble altar of Elyvilon.
   229 | D        | Found a blossoming altar of Fedhas.
   229 | D        | Found an opulent altar of Gozag.
   230 | D        | Found a hazy altar of Hepliaklqana.
   231 | D        | Found a viscous altar of Jiyva.
   232 | D        | Found an ancient bone altar of Kikubaaqudgha.
   233 | D        | Became a worshipper of Cheibriados the Contemplative
   234 | D        | Found a corrupted altar of Lugonu.
   235 | D        | Found a burning altar of Makhleb.
   236 | D        | Found a sparkling altar of Nemelex Xobeh.
   237 | D        | Found an iron altar of Okawaru.
   238 | D        | Found a stormy altar of Qazlal.
   239 | D        | Found a sacrificial altar of Ru.
   240 | D        | Found a shimmering blue altar of Sif Muna.
   241 | D        | Found a bloodstained altar of Trog.
   242 | D        | Found a hide-covered altar of Uskayaw.
   243 | D        | Found a radiant altar of Vehumet.
   244 | D        | Found an ornate altar of the Wu Jian Council.
   245 | D        | Found a shimmering altar of Xom.
   246 | D        | Found a basalt altar of Yredelemnul.
   247 | D        | Found a glowing silver altar of Zin.
   248 | D        | Found a glowing golden altar of the Shining One.
   281 | D        | Noticed a two-headed ogre
   281 | D        | Noticed a wraith
   281 | D        | Noticed an orc warrior
   281 | D        | Noticed an acid dragon
   285 | D        | Reached skill level 7 in Maces & Flails
   290 | D        | Killed an acid dragon
   290 | D        | Reached * piety under Cheibriados
   291 | D        | Reached skill level 8 in Maces & Flails
   291 | D        | Reached XP level 7. HP: 50/62 MP: 8/8
   296 | D        | Reached skill level 9 in Maces & Flails
   302 | D        | Killed a wraith
   303 | D        | Reached skill level 10 in Maces & Flails
   303 | D        | Reached ** piety under Cheibriados
   305 | D        | Killed a two-headed ogre
   306 | D        | Reached skill level 13 in Maces & Flails
   306 | D        | Reached XP level 8. HP: 34/70 MP: 9/9
   472 | D        | Learned a level 2 spell: Slow
   472 | D        | Noticed a cyan ugly thing
   472 | D        | Noticed a centaur warrior
   472 | D        | Noticed a manticore
   472 | D        | Noticed a troll
   472 | D        | Noticed a troll
   472 | D        | Noticed a centaur warrior
   488 | D        | Killed a centaur warrior
   488 | D        | Reached *** piety under Cheibriados
   489 | D        | Reached XP level 9. HP: 30/85 MP: 9/11
   490 | D        | HP: 3/85 [troll (5)]
   490 | D        | Slain by a troll

Illustrated notes

Levels and vault maps discovered:
D:        linesprint [early_d, line_temple, items_1, d_10, items_2, lair_1,
          lair_end, items_3, orc_1, orc_end, items_4, d_15, swamp_1, shoals_1,
          snake_1, spider_1, d_20, vaults_1, items_5, swamp_end, shoals_end,
          snake_end, spider_end, vaults_end, d_27, items_6, zot_1, zot_end,
          crypt_end, forest_end, elf_end, slime_end, tomb_end, abyss_end,
          pan_hell_end]

Skill      XL: |  1  2  3  4  5  6  7  8 |
---------------+-------------------------+-----
Throwing       | 6 9 11 | 11.0
Maces & Flails | 5 8 13 | 13.5
Fighting       | 4 |  4.5
Dodging        | 3 |  3.5
Hexes          | 4 |  4.2
Invocations    | 3 |  3.4
Evocations     | 2 |  2.7
Spellcasting   | |  1.2

Action                   |  1- 3 |  4- 6 |  7- 9 || total
-------------------------+-------+-------+-------++-------
Melee: Unarmed           |    17 |     1 |       ||    18
       Giant club        |       |     9 |    25 ||    34
Throw: Large rock        |     7 |     4 |       ||    11
       Throwing net      |       |     1 |       ||     1
Evoke: Wand              |       |       |     4 ||     4
  Use: Potion            |     2 |     1 |     3 ||     6
       Scroll            |       |     1 |       ||     1
 Stab: Invisible         |       |     1 |     1 ||     2
Armor: Robe              |     5 |    10 |    18 ||    33
Dodge: Dodged            |    13 |    20 |    19 ||    52

Table legend: (Time is in decaauts)
 A = Elapsed time spent in this place.
 B = Non-inter-level travel time spent in this place.
 C = Inter-level travel time spent in this place.
 D = Time resting spent in this place.
 E = Time spent auto-exploring this place.
 F = Levels seen in this place.
 G = Mean time per level.
                   A        B        C        D        E       F      G
               +--------+--------+--------+--------+--------+-----+--------+
         Total |    513 |    513 |      0 |    327 |      0 |   1 |  513.0 |
       Dungeon |    513 |    513 |      0 |    327 |      0 |   1 |  513.0 |
               +--------+--------+--------+--------+--------+-----+--------+

Top non-repeatable levels by time:
       D: 513 daAuts
